 Dungeon Crawl Stone Soup version 0.24-a0-250-g6074511 (webtiles) character file.

Game seed: 1140765965866919396

840 Borgoz the Skirmisher (level 8, 0/48 HPs)
             Began as a Gargoyle Gladiator on Apr 15, 2019.
             Killed from afar by Dowan (16 damage)
             ... with a shard of ice
             ... on level 5 of the Dungeon.
             The game lasted 00:09:08 (5094 turns).

Borgoz the Skirmisher (Gargoyle Gladiator)          Turns: 5094, Time: 00:09:09

Health: 0/48       AC: 13    Str: 19    XL:     8   Next: 0%
Magic:  8/8        EV: 13    Int:  8    God:
Gold:   149        SH:  5    Dex: 13    Spells: 7/7 levels left

rFire    . . .     SeeInvis .   a - +0 rapier
rCold    . . .     Gourm    .   (no shield)
rNeg     + . .     Faith    .   n - +0 ring mail of Weniom {rPois} (curse)
rPois    ∞         Spirit   .   k - +0 helmet
rElec    +         Reflect  +   (no cloak)
rCorr    .         Harm     .   q - +0 pair of gloves
MR       .....                  (no boots)
Stlth    ++........             p - +5 amulet of reflection
HPRegen  0.16/turn              (no ring)
MPRegen  0.11/turn              (no ring)

@: no status effects
A: negative energy resistance 1, electricity resistance, unbreathing,
petrification resistance, rot immunity, AC +5
a: no special abilities


You were on level 5 of the Dungeon.
You were not hungry.

You visited 1 branch of the dungeon, and saw 5 of its levels.

You collected 149 gold pieces.

Inventory:

Hand Weapons
 a - a +0 rapier (weapon)
Armour
 k - a +0 helmet (worn)
 n - the cursed +0 ring mail of Weniom (worn) {rPois}
   (You found it on level 4 of the Dungeon)

   It protects you from poison.
   It has a curse placed upon it.
 q - a +0 pair of gloves (worn)
Jewellery
 j - an uncursed ring of flight
 m - an uncursed ring of ice
 p - a +5 amulet of reflection (around neck)
Wands
 l - a wand of random effects (56)
Scrolls
 c - 2 scrolls of teleportation {unknown}
 e - a scroll of blinking {unknown}
 g - 4 scrolls of remove curse
 h - 5 scrolls of identify {unknown}
 o - a scroll of magic mapping {unknown}
 t - a scroll of acquirement {unknown}
Potions
 d - a potion of heal wounds
 i - 2 potions of curing
 r - 2 potions of flight {unknown}
 s - a potion of brilliance {unknown}
 u - a potion of haste
Comestibles
 b - 3 chunks of flesh
 f - 11 rations


   Skills:
 + Level 4.9 Fighting
 + Level 4.6 Short Blades
 - Level 1.7 Throwing
 + Level 4.2 Armour
 + Level 4.1 Dodging
 - Level 3.0 Stealth


You had 7 spell levels left.
You didn't know any spells.
Your spell library was empty.

Dungeon Overview and Level Annotations

Branches:
Dungeon (5/15)             Temple (0/1) D:5

Altars:
Nemelex Xobeh

Annotations:
D:5 Dowan


Innate Abilities, Weirdness & Mutations

You are resistant to torment.
Your stone body is resilient. (AC +5)
You are immune to poison.
You resist negative energy. (rN+)
You are resistant to electric shocks. (rElec)
You can survive without breathing.
You are immune to petrification.
You are immune to rotting.


Message History

Dowan hits you with a +2 dagger of holy wrath.
Dowan hits you but does no damage.
You hit Dowan but do no damage.
Dowan is lightly wounded.
Dowan closely misses you.
You puncture Dowan!
Dowan is heavily wounded.
Dowan misses you. Dowan barely misses you.
You closely miss Dowan.
Dowan is heavily wounded.
Dowan points at you and mumbles some strange words.
The shard of ice hits you!
You puncture Dowan!
Dowan is almost dead.
You block Dowan's attack.
You barely miss Dowan.
Dowan is almost dead.
Dowan points at you and mumbles some strange words.
The shard of ice hits you!
You die...

#............. ...#
#....#...........## ....#
#....#...........#
.....######....#...........##
.P.P...)....$..##............
..>............ #.###########
.P.P........# #.# #
...........e#####.####### #
+.......@.)..>....... #
#.......#####..###### #
...........# #...## #
..(....###### #....####### #
....... #..........# #
.(..... #.....####.# #
....... #.....## # # .......
#......###.# # #....#.....# #


You could see Dowan.

Vanquished Creatures
  Duvessa (D:5)
  2 ogres
  A centaur zombie (D:5)
  A hound (D:4)
  A quasit (D:3)
  2 orc priests
  Crazy Yiuf (D:2)
  Jessica (D:3)
  Ijyb (D:3)
  Natasha (twice) (D:3)
  2 orc wizards (D:5)
  3 worker ants (D:4)
  Robin (D:2)
  2 adders
  4 worms
  6 leopard geckos
  15 orcs
  A ball python (D:3)
  8 bats
  3 giant cockroaches
  10 goblins
  12 hobgoblins
  13 jackals
  A quokka (D:2)
  A frilled lizard (D:4)
  A jackal skeleton (D:4)
  10 kobolds
  6 rats
112 creatures vanquished.

Notes
Turn   | Place    | Note
-------+----------+-------------------------------------------
     0 | D:1      | Borgoz the Gargoyle Gladiator began the quest for the Orb.
     0 | D:1      | Reached XP level 1. HP: 12/12 MP: 1/1
   134 | D:1      | Reached XP level 2. HP: 8/18 MP: 2/2
   381 | D:1      | Reached skill level 1 in Stealth
   562 | D:1      | Reached skill level 1 in Armour
   685 | D:2      | Reached XP level 3. HP: 21/22 MP: 3/3
   732 | D:2      | Noticed Robin
   762 | D:2      | Killed Robin
  1281 | D:2      | Reached XP level 4. HP: 27/27 MP: 4/4
  1360 | D:2      | Found a faded altar of an unknown god.
  1438 | D:2      | Found a runed translucent door.
  1439 | D:2      | Noticed Crazy Yiuf
  1850 | D:2      | Killed Crazy Yiuf
  1891 | D:3      | Noticed Ijyb
  1910 | D:3      | Killed Ijyb
  1910 | D:3      | Reached XP level 5. HP: 19/32 MP: 5/5
  2869 | D:3      | Noticed Jessica
  2873 | D:3      | Killed Jessica
  2873 | D:3      | Reached XP level 6. HP: 28/37 MP: 6/6
  3531 | D:3      | Noticed Natasha
  3542 | D:3      | Killed Natasha
  3665 | D:3      | Noticed Natasha
  3675 | D:3      | Killed Natasha
  3690 | D:3      | Found a sparkling altar of Nemelex Xobeh.
  4099 | D:4      | Reached XP level 7. HP: 34/43 MP: 7/7
  4184 | D:4      | Got an ichor-stained ring mail
  4200 | D:4      | Identified the cursed +0 ring mail of Weniom {rPois} (You
                  | found it on level 4 of the Dungeon)
  4738 | D:5      | Entered Level 5 of the Dungeon
  4818 | D:5      | Noticed Dowan
  4821 | D:5      | Found a staircase to the Ecumenical Temple.
  5051 | D:5      | Noticed Duvessa
  5079 | D:5      | Killed Duvessa
  5079 | D:5      | Reached XP level 8. HP: 27/48 MP: 8/8
  5094 | D:5      | Killed from afar by Dowan

Levels and vault maps discovered:
D:1:      dpeg_arrival_pond, layout_loops_ring
D:2:      minmay_wonky_spiral, layout_loops_ring,
          chequers_ecumenical_altar_grove, serial_glass, glass_columns_a,
          glass_columns_c, glass_columns_a, glass_columns_a, uniq_robin,
          uniq_crazy_yiuf_cottage
D:3:      layout_loops_ring, nicolae_overflow_crystal_walls, uniq_ijyb,
          uniq_natasha, uniq_jessica
D:4:      layout_loops_cross, first_ration
D:5:      layout_basic, minmay_temple_entry_trees, serial_shops,
          nicolae_shop_trees, uniq_duvessa

Skill      XL: |  1  2  3  4  5  6  7 |
---------------+----------------------+-----
Stealth        | 1 2 3 |  3.0
Armour         | 1 2 3 4 |  4.2
Short Blades   | 3 4 |  4.6
Fighting       | 3 4 |  4.9
Dodging        | 3 4 |  4.1
Throwing       | |  1.7

Action                   |  1- 3 |  4- 6 |  7- 9 || total
-------------------------+-------+-------+-------++-------
Melee: Rapier            |   149 |   264 |   176 ||   589
Throw: Throwing net      |     4 |     3 |       ||     7
Evoke: Wand              |       |     2 |       ||     2
  Use: Potion            |       |     4 |       ||     4
       Scroll            |       |     2 |       ||     2
 Stab: Sleeping          |     1 |     7 |       ||     8
       Held in net/web   |     2 |     4 |       ||     6
       Distracted        |       |     1 |       ||     1
  Eat: Chunk             |     1 |     9 |     4 ||    14
Armor: Leather armour    |    59 |   140 |    11 ||   210
       Ring mail         |       |       |    62 ||    62
Dodge: Dodged            |    99 |   241 |    79 ||   419
Block: Other             |       |       |    27 ||    27

Table legend:
 A = Non-vault XP
 B = Vault XP
 C = Vault XP percentage of total XP
 D = Non-vault monster count
 E = Vault monster count
 F = Vault count percentage of total count
                 A         B        C        D         E       F
            +---------+---------+-------+---------+---------+-------
      Total |     860 |     340 |  28.3 |      96 |      16 |  14.3
            +---------+---------+-------+---------+---------+-------
        D:1 |      29 |       0 |   0.0 |      15 |       0 |   0.0
        D:2 |      89 |      76 |  46.1 |      24 |      12 |  33.3
        D:3 |     193 |     107 |  35.7 |      31 |       3 |   8.8
        D:4 |     297 |       0 |   0.0 |      16 |       0 |   0.0
        D:5 |     252 |     157 |  38.4 |      10 |       1 |   9.1
            +---------+---------+-------+---------+---------+-------
